Map: [ESL] Site Delta

Players

Nanami - Winner!

  • Race: Protoss Protoss
  • Spawn Location: 5:00

Lemon

  • Race: Protoss Protoss
  • Spawn Location: 11:00

Event: ESL SC2 Masters 2024 Spring (Regional)

VOD

Have the link to the VOD?

Description

Time

  • Played on: April 27, 2024, 6 a.m.
  • Length: 8:50

All games in this series

Show
View Real Time Build Order
Export as new Build Order

Nanami Protoss - Winner!

Build Orders: Phoenix Opening 

Get SALT Encoding   

  12  0:00  Probe  
  13  0:12  Probe  
  14  0:19  Pylon  
  14  0:24  Probe  
  15  0:37  Probe (Chrono Boost)  
  15  0:39  Gateway  
  16  0:46  Probe (Chrono Boost)  
  16  0:47  Assimilator  
  17  0:51  Probe  
  18  0:58  Assimilator  
  18  1:04  Probe (Chrono Boost)  
  19  1:06  Pylon  
  19  1:13  Probe (Chrono Boost)  
  19  1:18  Probe (Chrono Boost)  
  21  1:26  Cybernetics Core  
  21  1:30  Probe  
  24  1:32  Zealot  
  24  1:42  Probe  
  25  1:54  Probe  
  25  1:56  Pylon  
  26  2:05  Stalker  
  28  2:08  Stargate  
  28  2:14  Warp Gate  
  28  2:34  Nexus  
  29  2:40  Stalker  
  29  2:42  Probe  
  31  2:50  Phoenix (Chrono Boost)  
  31  2:55  Probe  
  34  3:08  Probe  
  32  3:20  Probe (Chrono Boost)  
  32  3:26  Phoenix  
  35  3:29  Twilight Council  
  35  3:32  Probe (Chrono Boost)  
  35  3:41  Probe (Chrono Boost)  
  35  3:46  Probe (Chrono Boost)  
  37  3:52  Probe (Chrono Boost)  
  38  3:56  Probe (Chrono Boost)  
  38  3:58  Gateway  
  38  4:00  Probe (Chrono Boost)  
  38  4:01  Blink (Chrono Boost)  
  39  4:04  Stalker  
  39  4:09  Probe  
  42  4:12  Probe  
  42  4:16  Shield Battery  
  44  4:27  Gateway  
  44  4:29  Gateway  
  43  4:31  Probe x2  
  43  4:37  Stalker  
  47  4:43  Probe  
  47  4:45  Pylon  
  48  4:47  Probe  
  49  4:54  Stalker  
  49  4:55  Probe  
  49  4:59  Probe  
  52  5:05  Stalker  
  54  5:08  Probe  
  54  5:11  Probe  
  56  5:17  Assimilator  
  56  5:19  Pylon, Stalker  
  59  5:25  Stalker x2  
  59  5:28  Pylon  
  60  5:33  Stalker  
  62  5:38  Gateway  
  62  5:42  Stalker  
  64  5:45  Probe x2  
  64  5:49  Stalker  
  62  5:51  Stalker  
  63  6:00  Stalker  
  67  6:07  Stalker  
  67  6:09  Probe x2  
  69  6:14  Stalker  
  72  6:26  Nexus  
  67  6:33  Stalker  
  67  6:37  Probe  
  67  6:39  Probe  
  65  6:49  Probe  
  65  6:52  Probe  
  61  6:55  Stalker x3  
  67  7:01  Probe  
  67  7:04  Probe  
  67  7:07  Charge (Chrono Boost)  
  58  7:17  Pylon  
  57  7:24  Gateway x2  
  57  7:27  Gateway  
  57  7:30  Robotics Facility  
  57  7:31  Gateway  
  57  7:33  Sentry  
  59  7:44  Stalker  
  59  7:45  Stalker x2  
  59  7:50  Zealot  
  67  7:55  Probe x3  
  67  7:58  Zealot  
  72  7:59  Pylon  
  72  8:07  Probe x2, Zealot x2  
  72  8:08  Zealot  
  72  8:12  Adept  
  82  8:18  Zealot x2  
  82  8:19  Observer (Chrono Boost)  
  88  8:22  Zealot  
  88  8:23  Stalker  
  88  8:26  Zealot  
  92  8:29  Zealot  
  92  8:31  Zealot  
  95  8:38  Zealot x3  
  93  8:41  Zealot  
Show
View Real Time Build Order
Export as new Build Order

Lemon Protoss 

Build Orders: Phoenix Opening 

Get SALT Encoding   

  12  0:00  Probe  
  13  0:12  Probe  
  14  0:19  Pylon  
  14  0:24  Probe  
  15  0:37  Probe (Chrono Boost)  
  15  0:39  Gateway  
  16  0:46  Probe (Chrono Boost)  
  16  0:47  Assimilator  
  17  0:51  Probe (Chrono Boost)  
  18  1:03  Probe  
  19  1:15  Probe  
  19  1:17  Assimilator  
  19  1:18  Pylon  
  20  1:27  Cybernetics Core  
  20  1:28  Probe (Chrono Boost)  
  20  1:32  Zealot  
  23  1:39  Probe (Chrono Boost)  
  24  1:44  Probe (Chrono Boost)  
  25  1:54  Probe  
  26  2:03  Stargate  
  26  2:05  Adept  
  28  2:25  Nexus  
  28  2:32  Probe  
  29  2:42  Stalker  
  31  2:46  Pylon  
  31  3:03  Phoenix (Chrono Boost)  
  31  3:21  Phoenix (Chrono Boost)  
  33  3:33  Probe (Chrono Boost)  
  34  3:38  Probe (Chrono Boost)  
  34  3:40  Assimilator  
  35  3:41  Phoenix  
  35  3:45  Stargate  
  39  3:48  Probe (Chrono Boost)  
  39  3:49  Probe (Chrono Boost)  
  39  3:53  Probe (Chrono Boost)  
  40  3:55  Probe  
  41  4:04  Probe  
  41  4:06  Phoenix (Chrono Boost)  
  41  4:08  Probe  
  45  4:16  Probe  
  46  4:18  Pylon  
  46  4:20  Probe  
  47  4:25  Phoenix (Chrono Boost)  
  47  4:28  Probe  
  47  4:30  Assimilator  
  50  4:31  Phoenix  
  50  4:32  Probe  
  50  4:37  Robotics Facility  
  51  4:42  Probe  
  51  4:43  Shield Battery  
  51  4:44  Probe  
  51  4:45  Warp Gate  
  53  4:54  Probe  
  53  4:56  Probe  
  55  5:04  Gateway  
  55  5:06  Probe  
  56  5:08  Probe  
  58  5:26  Immortal (Chrono Boost)  
  58  5:27  Pylon  
  61  5:29  Probe  
  61  5:31  Pylon  
  61  5:32  Twilight Council  
  62  5:37  Pylon  
  62  5:54  Pylon  
  62  5:55  Immortal (Chrono Boost), Stalker  
  62  5:56  Stalker  
  70  6:02  Pylon x2  
  70  6:06  Gateway  
  70  6:22  Immortal (Chrono Boost)  
  72  6:37  Stalker x2  
  53  7:01  Stalker x3  
  56  7:07  Probe x2  
  52  7:17  Immortal  
  52  7:19  Probe x2  
  52  7:22  Forge  
  58  7:26  Stalker x3  
  64  7:31  Probe x2  
  66  7:41  Pylon  
  66  7:43  Probe x2  
  66  7:54  Sentry x3  
  72  8:01  Nexus  
  72  8:03  Pylon  
  72  8:05  Probe x2  
  74  8:17  Probe x2  
  80  8:26  Shield Battery  
  80  8:28  Templar Archives  
  80  8:30  Zealot  
  80  8:33  Zealot  
  84  8:40  Zealot  
Tags
 
Add a new tag
Caveats
  • Supply blocks, unpowered buildings, or Contaminate may cause inaccurate times.
  • Supply counts are checked every 10 seconds.